 Dungeon Crawl Stone Soup version 0.23.2-33-g5129a83184 (webtiles) character file.

Game seed: 8586343768648434451

595 AarnesTheHuman the Shield-Bearer (level 7, -1/56 HPs)
             Began as a Formicid Fighter on Aug 5, 2019.
             Slain by Edmund
             ... wielding a +6 flail of draining
              (5 damage)
             ... on level 5 of the Dungeon.
             The game lasted 00:10:19 (4439 turns).

AarnesTheHuman the Shield-Bearer (Formicid Fighter) Turns: 4439, Time: 00:10:20

Health: -1/56      AC:  7    Str: 26    XL:     7   Next: 67%
Magic:  7/7        EV:  7    Int:  7    God:
Gold:   149        SH: 10    Dex: 10    Spells: 6/6 levels left

rFire    . . .     SeeInvis +   a - +0 quarterstaff
rCold    . . .     Gourm    .   c - +1 shield
rNeg     . . .     Faith    .   b - +0 scale mail
rPois    +         Spirit   .   (helmet unavailable)
rElec    .         Reflect  .   (no cloak)
rCorr    .         Harm     .   n - +0 pair of gloves
MR       .....                  (no boots)
Stlth    ..........             (no amulet)
HPRegen  0.18/turn              l - ring of flight
MPRegen  0.10/turn              u - ring "Seiditwe" {rPois Str+3 Stlth-}

@: very heavily drained
A: permanent stasis, dig shafts and tunnels, four strong arms, antennae 3
a: Dig, Shaft Self, Evoke Flight


You were on level 5 of the Dungeon.
You were not hungry.

You visited 1 branch of the dungeon, and saw 5 of its levels.

You collected 149 gold pieces.

Inventory:

Hand Weapons
 a - a +0 quarterstaff (weapon)
Armour
 b - a +0 scale mail (worn)
 c - a +1 shield (worn)
 n - a +0 pair of gloves (worn)
 s - a +0 ring mail
Jewellery
 l - a ring of flight (left hand)
 u - the ring "Seiditwe" (right hand) {rPois Str+3 Stlth-}
   (You found it on level 5 of the Dungeon)

   [ring of attention]

   It affects your strength (+3).
   It protects you from poison.
   It makes you less stealthy.
Wands
 o - a wand of random effects (14)
Scrolls
 e - 2 scrolls of remove curse
 i - a scroll of blinking {unknown}
 j - a scroll of identify
 r - a scroll of immolation {unknown}
Potions
 d - 2 potions of might
 h - 3 potions of curing
 m - 3 potions of brilliance
 p - 2 potions of lignification {unknown}
 q - a potion of ambrosia {unknown}
 t - a potion of resistance {unknown}
Comestibles
 f - 9 rations
 g - 4 chunks of flesh


   Skills:
 + Level 5.3(2.1) Fighting
 + Level 4.3(1.2) Staves
 + Level 5.3(2.1) Armour
 + Level 5.8(2.6) Shields


You had 6 spell levels left.
You didn't know any spells.
Your spell library was empty.

Dungeon Overview and Level Annotations

Branches:
Dungeon (5/15)
 Temple: D:4-7

Altars:
Gozag
Qazlal
Yredelemnul

Shops:
D:5 %

Annotations:
D:5 Edmund


Innate Abilities, Weirdness & Mutations

You cannot be hasted, slowed, berserked, paralysed or teleported.
You can dig through walls and to a lower floor.
Your four strong arms can wield two-handed weapons with a shield.
You have a pair of large antennae on your head. (SInv)


Message History

Edmund zaps a wand.
You easily resist.
You block Edmund's attack.
You hit Edmund.
Edmund is moderately wounded.
You block Edmund's attack.
You hit Edmund.
Edmund is moderately wounded.
You block Edmund's attack.
You closely miss Edmund.
Edmund is moderately wounded.
Edmund hits you with a +6 flail of draining!
* * * LOW HITPOINT WARNING * * *
You feel drained.
You sock Edmund!
Edmund is heavily wounded.
Edmund hits you but does no damage.
You feel drained.
You closely miss Edmund.
Edmund is heavily wounded.
Edmund says, "People accused me of being a cutpurse!"
Edmund hits you with a +6 flail of draining.
You die...

#...∩..#
#......# #.
##......# ....
##...(@..# ....
#........###
...#.#
#...(........
....#
+..(#+##.#....{
#.. #..@#
#.#..)#..##.#
+..@# #.#
..#...... #.#.#
#.# .........
...#.# ...
..>.@..
.....+..
....##......
..... #.#
..........#.
..... ###
............
#.<. #....<....
#.......(.
..?.........


You could see Edmund.

Vanquished Creatures
  A phantom (D:4)
  A centaur (D:5)
  A scorpion (D:4)
  2 orc wizards
  5 worker ants (D:4)
  7 adders
  2 oozes (D:1)
  4 worms
  A dart slug (D:1)
  6 leopard geckos
  15 orcs
  3 ball pythons (D:2)
  6 bats (D:1)
  5 giant cockroaches
  7 goblins
  7 hobgoblins
  7 jackals
  10 kobolds
  3 frilled lizards
  15 rats
108 creatures vanquished.

Notes
Turn   | Place    | Note
-------+----------+-------------------------------------------
     0 | D:1      | AarnesTheHuman the Formicid Fighter began the quest for the
                  | Orb.
     0 | D:1      | Reached XP level 1. HP: 18/18 MP: 1/1
   105 | D:1      | Reached XP level 2. HP: 19/24 MP: 2/2
   203 | D:1      | Reached XP level 3. HP: 22/29 MP: 3/3
   650 | D:1      | Reached XP level 4. HP: 37/37 MP: 4/4
  1113 | D:2      | Found an opulent altar of Gozag.
  1683 | D:2      | Reached XP level 5. HP: 36/42 MP: 5/5
  2048 | D:3      | Found a basalt altar of Yredelemnul.
  2175 | D:3      | Found a stormy altar of Qazlal.
  2176 | D:3      | Noticed a water elemental
  2178 | D:3      | Noticed an air elemental
  2178 | D:3      | Noticed a fire elemental
  3130 | D:4      | Reached XP level 6. HP: 44/49 MP: 6/6
  3148 | D:4      | Reached skill level 5 in Shields
  3323 | D:4      | Noticed a phantom
  3336 | D:4      | Killed a phantom
  3336 | D:4      | Reached XP level 7. HP: 54/55 MP: 7/7
  3467 | D:4      | Reached skill level 5 in Fighting
  3624 | D:5      | Entered Level 5 of the Dungeon
  3641 | D:4      | Reached skill level 5 in Armour
  4056 | D:5      | Noticed Edmund
  4117 | D:5      | Found Qunauq's Food Shoppe.
  4266 | D:5      | Got a flickering jade ring
  4270 | D:5      | Identified the ring "Seiditwe" {rPois Str+3 Stlth-} (You
                  | found it on level 5 of the Dungeon)
  4439 | D:5      | Slain by Edmund

Skill      XL: |  1  2  3  4  5  6  7 |
---------------+----------------------+-----
Shields        | 4 5 |  5.8
Armour         | 4 5 |  5.3
Fighting       | 4 5 |  5.3
Staves         | 3 4 |  4.3

Action                   |  1- 3 |  4- 6 |  7- 9 || total
-------------------------+-------+-------+-------++-------
Melee: Quarterstaff      |    95 |   219 |    78 ||   392
       Unarmed           |       |       |    15 ||    15
  Use: Scroll            |       |     9 |     1 ||    10
       Potion            |       |       |     2 ||     2
  Eat: Chunk             |       |     8 |     4 ||    12
Armor: Scale mail        |    62 |    78 |    41 ||   181
Dodge: Dodged            |    54 |    74 |    42 ||   170
Block: Shield            |    73 |   125 |    79 ||   277
